 Dungeon Crawl Stone Soup version 0.18.1-8-gdd0e5ea (webtiles) character file.

210 matakusis the Magician (level 5, 0/28 HPs)
             Began as a Deep Elf Wizard on June 11, 2016.
             Slain by a worker ant (4 damage)
             ... on level 4 of the Dungeon.
             The game lasted 00:21:18 (3205 turns).

matakusis the Magician (Deep Elf Wizard)            Turns: 3205, Time: 00:21:20

Health: 0/28       AC:  2    Str:  2 (4)  XL:     5   Next: 57%
Magic:  3/16       EV: 12    Int: 22 (24) God:
Gold:   97         SH:  0    Dex: 12 (13) Spells: 6 memorised, 4 levels left

rFire  . . .     SeeInvis +     f - +0 spear (venom)
rCold  . . .     Gourm    .     a - +0 robe
rNeg   . . .     Faith    .     (no shield)
rPois  .         Spirit   .     b - +0 hat
rElec  .         Dismiss  .     (no cloak)
rCorr  .         Reflect  .     (no gloves)
SustAt .         Harm     .     (no boots)
MR     .....                    (no amulet)
Stlth  ++........               (no ring)
                                n - ring of see invisible

@: very slightly contaminated, not resistant to hostile enchantments, unstealthy
A: no striking features
a: no special abilities


You were on level 4 of the Dungeon.
You were not hungry.

You visited 1 branch of the dungeon, and saw 4 of its levels.

You collected 97 gold pieces.

Inventory:

Hand Weapons
 f - a +0 spear of venom (weapon)
 g - a +0 dagger
Armour
 a - a +0 robe (worn)
 b - a +0 hat (worn)
Jewellery
 n - a ring of see invisible (left hand)
Scrolls
 e - a scroll of blinking
 k - a scroll of immolation {unknown}
Potions
 h - a potion of heal wounds
Books
 c - a book of Minor Magic

   Spells                             Type                      Level
   a - Magic Dart                     Conjuration                  1
   b - Blink                          Translocation                2
   c - Call Imp                       Summoning                    2
   d - Repel Missiles                 Charms/Air                   2
   e - Slow                           Hexes                        2
   f - Conjure Flame                  Conjuration/Fire             3
   g - Mephitic Cloud                 Conjuration/Poison/Air       3
Comestibles
 d - a bread ration
 i - a meat ration
 p - 2 beef jerkies


   Skills:
 + Level 2.5 Dodging
 - Level 2.4 Stealth
 + Level 6.8 Spellcasting
 + Level 2.1 Conjurations
 * Level 3.7 Summonings
 - Level 1.2 Translocations


You had 4 spell levels left.
You knew the following spells:

 Your Spells              Type           Power        Failure   Level  Hunger
a - Magic Dart            Conj           ###.         4%          1    None
b - Call Imp              Summ           ###.....     3%          2    None
c - Blink                 Tloc           N/A          10%         2    None
d - Conjure Flame         Conj/Fire      ##......     17%         3    None
e - Mephitic Cloud        Conj/Pois/Air  ##......     21%         3    None
f - Slow                  Hex            #.......     14%         2    None


Dungeon Overview and Level Annotations

Branches:
Dungeon (4/15)
 Temple: D:4-7

Altars:
Pakellas

Shops:
D:2 }

Annotations:
D:4 Grinder


Message History

Casting: Blink
Confirm with . or Enter, or press ? or * to list all spells.
You blink.
The giant cockroach bites you but does no damage.
The ball python barely misses you. The ball python misses you.
Casting: Blink
Confirm with . or Enter, or press ? or * to list all spells.
You miscast Blink.
You are very lightly contaminated with residual magic.
You feel uncomfortable.
The giant cockroach waves its antennae.
The giant cockroach closely misses you. The ball python barely misses you.
The ball python closely misses you. The kobold barely misses you.
Casting: Blink
Confirm with . or Enter, or press ? or * to list all spells.
You blink.
The giant cockroach waves its antennae.
Found a stone staircase leading down.
The worker ant bites you.
You die...

* #.###o##.###..#'##o..#*#.##.o#.
**#§# #....###.........#*,#<.>...
*,.o# ####......K......#.*##.##..
*.###*****,##.##sS.Ko...#* *#.#..
.o,,,,,,,,,,#.*#.##......#**,##..
#,********,,#.*#o##..#.#..#,**#..
*,* #..#.##.##..#.#...#**#.. *,*
#.......a...#.#..oo,.... *,*
#.##.##@....#,*,*,**.... *,*
#.............#,*,**,,,, *,*
####........###,*,**,,,, *,*
#...........,,,,,,,,,
*,**********#..#######..,,,,,,,,,
*,,,,,,,,,,,.>.* *..*,,,,,**,
***********##..* **,,*,*,,***,
#..* **,,,≈≈*******
**************,* **,,,≈≈≈*≈≈≈≈≈≈


You could see a worker ant, an orc, a giant cockroach, a ball python and a
kobold.

Vanquished Creatures
  An ogre (D:3)
  A worker ant (D:4)
  A worm (D:3)
  4 giant geckos
  3 giant cockroaches
  4 goblins
  3 hobgoblins
  5 kobolds
  2 quokkas (D:2)
  2 bats (D:1)
  A giant newt (D:1)
  6 rats
33 creatures vanquished.

Vanquished Creatures (collateral kills)
  10 gnolls
  2 adders (D:2)
  An ooze (D:3)
  3 worms (D:3)
  A giant gecko (D:3)
  2 orcs (D:3)
  2 giant cockroaches
  3 hobgoblins
  2 jackals (D:1)
  A kobold (D:1)
  A ball python (D:2)
  A bat (D:2)
  3 rats
32 creatures vanquished.

Grand Total: 65 creatures vanquished

Notes
Turn   | Place    | Note
--------------------------------------------------------------
     0 | D:1      | matakusis the Deep Elf Wizard began the quest for the Orb.
     0 | D:1      | Reached XP level 1. HP: 10/10 MP: 7/7
     1 | D:1      | Noticed an electric eel
   293 | D:1      | Reached skill level 5 in Spellcasting
   295 | D:1      | Reached XP level 2. HP: 15/15 MP: 5/10
   299 | D:1      | Learned a level 2 spell: Call Imp
   302 | D:1      | Learned a level 2 spell: Blink
   919 | D:2      | Reached XP level 3. HP: 19/19 MP: 3/12
  1018 | D:2      | Learned a level 3 spell: Conjure Flame
  1022 | D:2      | Learned a level 3 spell: Mephitic Cloud
  1047 | D:2      | You fall through a shaft!
  1208 | D:2      | Reached skill level 6 in Spellcasting
  1546 | D:2      | Found an oddly glowing altar of Pakellas.
  1546 | D:2      | Found Pakellas's Prime Provisions.
  1604 | D:2      | Learned a level 2 spell: Slow
  1672 | D:3      | Reached XP level 4. HP: 24/24 MP: 11/14
  2118 | D:3      | Noticed an ogre
  2135 | D:3      | Killed an ogre
  2135 | D:3      | Reached XP level 5. HP: 28/28 MP: 9/16
  2961 | D:4      | Noticed Grinder
  3084 | D:4      | HP: 1/28 [poisoned by a worker ant]
  3205 | D:4      | Slain by a worker ant

Skill      XL: |  1  2  3  4  5 |
---------------+----------------+-----
Spellcasting   | 5 6 |  6.8
Conjurations   | 2 |  2.1
Summonings     | 2 3 |  3.7
Dodging        | |  2.5
Stealth        | |  2.4
Translocations | |  1.2

Action                   |  1- 3 |  4- 6 || total
-------------------------+-------+-------++-------
Melee: Dagger            |     4 |       ||     4
       Spear             |     6 |    24 ||    30
 Cast: Magic Dart        |    50 |    15 ||    65
       Call Imp          |    21 |    24 ||    45
       Blink             |     2 |     5 ||     7
       Conjure Flame     |       |     6 ||     6
  Use: Scroll            |     6 |     3 ||     9
       Potion            |       |     3 ||     3
 Stab: Sleeping          |       |     1 ||     1
  Eat: Chunk             |     2 |     5 ||     7
Armor: Robe              |     4 |     2 ||     6
Dodge: Dodged            |     7 |    17 ||    24
